 Dungeon Crawl Stone Soup version 0.30-a0-42-g806c11bf1d (webtiles) character file.

Game seed: 6343885363941327958

31 Bikalo the Grave Robber (level 3, -1/24 HPs)
             Began as a Demonspawn Necromancer on Aug 30, 2022.
             Shot with a sling bullet by a hobgoblin (8 damage)
             ... on level 2 of the Dungeon.
             The game lasted 00:02:01 (1109 turns).

Bikalo the Grave Robber (Demonspawn Necromancer)    Turns: 1109, Time: 00:02:01

Health: -1/24      AC:  3    Str:  8    XL:     3   Next: 7%
Magic:  6/6        EV: 12    Int: 18    God:
Gold:   26         SH:  0    Dex: 13    Spells: 2/6 levels left

rFire   . . .      SeeInvis .    l - +1 dagger (pain)
rCold   . . .      Faith    .    (no shield)
rNeg    . . .      Spirit   .    a - +0 robe
rPois   .          Reflect  .    (helmet restricted)
rElec   .          Harm     .    (no cloak)
rCorr   .          Rampage  .    (no gloves)
Will    .....                    (no boots)
Stlth   ++........               (no amulet)
HPRegen 0.08/turn                (no ring)
MPRegen 0.10/turn                (no ring)

@: no status effects
A: horns 1, rugged brown scales 1
a: no special abilities


You were on level 2 of the Dungeon.
You visited 1 branch of the dungeon, and saw 2 of its levels.

You collected 26 gold pieces.

Inventory:

Hand Weapons
 d - a +0 dagger of freezing
 l - a +1 dagger of pain (weapon)
Armour
 a - a +0 robe (worn)
Scrolls
 c - a scroll of blinking {unknown}
 h - a scroll of amnesia {unknown}
 i - a scroll of fear {unknown}
 j - a scroll of enchant armour {unknown}
 k - a scroll of butterflies {unknown}
Potions
 b - a potion of magic
 e - 2 potions of ambrosia {unknown}
 f - a potion of degeneration {unknown}
 g - 2 potions of attraction {unknown}
 m - a potion of curing {unknown}


   Skills:
 - Level 2.0 Dodging
 - Level 2.0 Stealth
 + Level 2.4 Spellcasting
 * Level 5.0 Necromancy


You had 2 spell levels left.
You knew the following spells:

 Your Spells              Type           Power      Damage    Failure   Level
a - Necrotise             Necr           80%        1d8       2%          1
b - Vampiric Draining     Necr           20%        2d7       6%          3

Your spell library contained the following spells:

 Spells                   Type           Power      Damage    Failure   Level
 Sandblast                Erth           4%         2d4       17%         1
 Passwall                 Tmut/Erth      1%         N/A       26%         2
 Animate Dead             Necr           20%        N/A       22%         4
 Stone Arrow              Conj/Erth      4%         3d7       45%         3
 Agony                    Necr           20%        N/A       52%         5


Dungeon Overview and Level Annotations

Branches:
Dungeon (2/15)

Altars:


Innate Abilities, Weirdness & Mutations

You have a pair of small horns on your head.
You are partially covered in rugged brown scales. (AC +1, +3% HP)


Message History

Aim: an adder (chance to affect: 81%)
The adder writhes in agony.
The adder closely misses you.
Casting: Necrotise (safe; 2% risk of failure)
Confirm with . or Enter, or press ? or * to list all spells.
Aiming: Necrotise (safe; 2% risk of failure)
Press: ? - help, Shift-Dir - straight line, f/p - adder
Aim: an adder (lightly wounded, chance to affect: 81%)
The adder writhes in agony.
The adder misses you.
You closely miss the adder.
The adder is heavily wounded.
The adder closely misses you.
Casting: Necrotise (safe; 2% risk of failure)
Confirm with . or Enter, or press ? or * to list all spells.
Aiming: Necrotise (safe; 2% risk of failure)
Press: ? - help, Shift-Dir - straight line, f/p - adder
Aim: an adder (heavily wounded, chance to affect: 81%)
The adder writhes in agony.
The adder misses you. The adder closely misses you.
You hit the adder.
You kill the adder!
Your Necromancy skill increases to level 5!
You have reached level 3!
Your experience leads to an increase in your attributes!
Increase (S)trength, (I)ntelligence, or (D)exterity?
You feel clever. x2; Your demonic ancestry asserts itself...
Rugged brown scales grow over part of your body.
This spell is quite dangerous to cast!
Memorise Vampiric Draining, consuming 3 spell levels and leaving 2?
You start memorising the spell.
You continue memorising. x3
You finish memorising.
Spell assigned to 'b'.
You can't see any susceptible monsters within range! (Use Z to cast anyway.)
A hobgoblin comes into view. It is wielding a +0 sling.
The hobgoblin shouts!
The hobgoblin shoots a sling bullet.
The sling bullet barely misses you.
The hobgoblin shoots a sling bullet.
The sling bullet hits you!
The hobgoblin shoots a sling bullet.
The sling bullet hits you!
* * * LOW HITPOINT WARNING * * *
You see here a glowing inky potion.
m - a glowing inky potion The hobgoblin shoots a sling bullet.
The sling bullet hits you!
You die...

#.# #######.####
#..........#
#.#.)......#
#...$g..#..###
.##............#
.[.......##..#.####
####...###.......##
##..@..........#
###.####....[...#
#.....###.......#
#.....# ##.....##
#.....# ##.#.##
#...>?# ###.#
#.....# .# ..#####
.# ##. .#


You could see a hobgoblin.

Vanquished Creatures
  An adder (D:2)
  A dart slug (D:1)
  3 endoplasms (D:1)
  3 hobgoblins
  5 kobolds
  A quokka (D:1)
  2 ball pythons (D:1)
  2 bats (D:1)
  2 frilled lizards (D:1)
  A rat (D:2)
21 creatures vanquished.

Notes
Turn   | Place    | Note
-------+----------+-------------------------------------------
     0 | D:1      | Bikalo the Demonspawn Necromancer began the quest for the
                  | Orb.
     0 | D:1      | Reached XP level 1. HP: 13/13 MP: 3/3
     3 | D:1      | Noticed an electric eel
     4 | D:1      | Noticed an electric eel
   179 | D:1      | Gained mutation: You have a pair of small horns on your
                  | head. [demonic ancestry]
   179 | D:1      | Reached XP level 2. HP: 19/19 MP: 5/5
   502 | D:1      | Found a faded altar of an unknown god.
  1042 | D:2      | Reached skill level 5 in Necromancy
  1042 | D:2      | Gained mutation: You are partially covered in rugged brown
                  | scales. (AC +1, +3% HP) [demonic ancestry]
  1042 | D:2      | Reached XP level 3. HP: 16/24 MP: 2/6
  1046 | D:2      | Learned a level 3 spell: Vampiric Draining
  1109 | D:2      | Shot with a sling bullet by a hobgoblin

Illustrated notes

Levels and vault maps discovered:
D:1:      arrival_aquarium_b, layout_basic, ebering_ecumenical_altar_webs
D:2:      layout_loops_cross

Skill      XL: |  1  2 |
---------------+-------+-----
Stealth        | 2 |  2.0
Dodging        | 2 |  2.0
Necromancy     | 5 |  5.0
Spellcasting   | |  2.4

Action                   || total
-------------------------++-------
Melee: Dagger            ||    18
       Unarmed           ||     1
       Headbutt          ||     3
 Cast: Necrotise         ||    19
 Stab: Sleeping          ||     2
Armor: Robe              ||     4
Dodge: Dodged            ||    19

Table legend: (Time is in decaauts)
 A = Elapsed time spent in this place.
 B = Non-inter-level travel time spent in this place.
 C = Inter-level travel time spent in this place.
 D = Time resting spent in this place.
 E = Time spent auto-exploring this place.
 F = Levels seen in this place.
 G = Mean time per level.
                   A        B        C        D        E       F      G
               +--------+--------+--------+--------+--------+-----+--------+
         Total |   1107 |   1062 |     45 |      0 |    908 |   2 |  553.5 |
       Dungeon |   1107 |   1062 |     45 |      0 |    908 |   2 |  553.5 |
               +--------+--------+--------+--------+--------+-----+--------+

Top non-repeatable levels by time:
     D:1: 969 daAuts
     D:2: 138 daAuts
